 Dungeon Crawl Stone Soup version 0.26-a0-940-gf7e0b5f775 (webtiles) character file.

Game seed: 3940672965658543562

588 Eryximachus the Firebug (level 7, -1/41 HPs)
             Began as an Octopode Fire Elementalist on Nov 27, 2020.
             Slain by an orc warrior
             ... wielding a cursed +0 scimitar
              (24 damage)
             ... on level 6 of the Dungeon.
             The game lasted 00:18:08 (9234 turns).

Eryximachus the Firebug (OpFE)                      Turns: 9234, Time: 00:18:09

Health: -1/41      AC:  1    Str:  8    XL:     7   Next: 38%
Magic:  6/10       EV: 17    Int: 19    God:
Gold:   186        SH:  5    Dex: 12    Spells: 4/10 levels left

rFire    . . .     SeeInvis .   q - +0 trident (vorpal)
rCold    . . .     Faith    .   (no shield)
rNeg     . . .     Spirit   .   (helmet restricted)
rPois    .         Reflect  +   k - amulet of reflection
rElec    .         Harm     .   c - ring of stealth
rCorr    .         Rampage  .   g - +4 ring of evasion
MR       .....                  (no ring)
Stlth    ++++......             (no ring)
HPRegen  0.13/turn              (no ring)
MPRegen  0.12/turn              (no ring)
                                (no ring)
                                (no ring)

@: no status effects
A: almost no armour, stealthy swim, amphibious, 8 rings, constrict 8, camouflage
1, gelatinous body 1
a: no special abilities


You were on level 6 of the Dungeon.
You visited 1 branch of the dungeon, and saw 6 of its levels.

You collected 306 gold pieces.
You spent 120 gold pieces at shops.

Inventory:

Hand Weapons
 q - a +0 vorpal trident (weapon)
Missiles
 a - 29 poisoned darts (quivered)
Jewellery
 c - a ring of stealth (left tentacle)
 g - a +4 ring of evasion (right tentacle)
 k - an amulet of reflection (around mantle)
Wands
 t - a wand of enslavement (5)
Scrolls
 b - 3 scrolls of teleportation
 e - 4 scrolls of remove curse
 h - a scroll of noise {unknown}
 m - a scroll of identify
 n - a scroll of magic mapping
 o - a scroll of fear
 u - a scroll of fog {unknown}
 v - a scroll of random uselessness {unknown}
Potions
 d - 2 potions of mutation {unknown}
 f - a potion of might
 i - a potion of cancellation {unknown}
 j - a potion of brilliance
 l - a potion of flight
 p - 2 potions of lignification {unknown}
 r - 2 potions of curing {unknown}
 s - a potion of ambrosia {unknown}
 w - a potion of degeneration {unknown}


   Skills:
 - Level 2.0 Dodging
 - Level 3.0 Stealth
 - Level 2.0 Spellcasting
 + Level 2.9 Conjurations
 + Level 7.7 Fire Magic


You had 4 spell levels left.
You knew the following spells:

 Your Spells              Type           Power        Failure   Level
a - Foxfire               Conj/Fire      ###.         1%          1
b - Fireball              Conj/Fire      ###.......   47%         5

Your spell library contained the following spells:

 Spells                   Type           Power        Failure   Level
 Conjure Flame            Conj/Fire      ###.....     6%          3
 Inner Flame              Hex/Fire       ###.....     11%         3
 Sticky Flame             Conj/Fire      ###.....     19%         4
 Irradiate                Conj/Tmut      #.........   95%         5
 Hydra Form               Tmut           #.........   100%        6
 Statue Form              Tmut/Erth      #........    100%        6
 Dragon Form              Tmut           #.........   100%        7


Dungeon Overview and Level Annotations

Branches:
Dungeon (6/15)
 Temple: D:4-7

Altars:
Trog
Yredelemnul
The Shining One

Shops:
D:4 ?

Annotations:
D:2 1 runed translucent door, Crazy Yiuf
D:4 2 transporters
D:5 2 runed translucent doors, Jessica; Prince Ribbit; Sigmund; jestert79's ghost, novice FoFi
D:6 1 runed translucent door, Dittersdorf's ghost, novice GrFi; Dowan; Edmund


Innate Abilities, Weirdness & Mutations

You cannot wear most types of armour.
You are very stealthy in the water. (Stealth+)
You are amphibious.
You can wear up to eight rings at the same time.
You can use your tentacles to constrict eight enemies at once.
Your skin changes colour to match your surroundings (Stealth+).
Your rubbery body absorbs attacks. (AC +1, EV +1)


Message History

The foxfire hits the orc warrior but does no damage.
The orc warrior is severely wounded.
The foxfire hits the orc warrior but does no damage.
The orc warrior is severely wounded.
Casting: Foxfire (safe; 1% risk of failure)
Confirm with . or Enter, or press ? or * to list all spells.
You conjure some foxfire!
The orc warrior hits you with a cursed +0 scimitar!!
Ouch! That really hurt!
The foxfire hits the orc warrior but does no damage.
The orc warrior is severely wounded.
The foxfire hits the orc warrior.
The orc warrior is severely wounded.
Dittersdorf's ghost says, "You can hit me, but you can't hurt me."
Found a stone staircase leading down.
Edmund the Younger comes into view.
He is wielding a +2 dire flail of protection and wearing a +2 leather armour of fire resistance.
Edmund shouts!
The orc warrior hits you with a cursed +0 scimitar!!
Ouch! That really hurt!
You die...

#.......##.##..........
###.....##...##........#
##......##...=.##.......#
#.......#⌠.!♣!.⌠#......##
#.......##.....##......#
#........##...##o........
#....#.....##W##....#.....
##.##.###....###o.......#..
##.....#........@.#.........
...###...............@......
e#....##....................
##........................
##.........#...............
#......#...##...................
....#.##.#..#...................
#...##...#.....##........$......
##.....#.###+####.......#.......


You could see Edmund, an orc warrior, Dittersdorf's ghost and an orc.

Vanquished Creatures
  2 bullfrogs
  2 orc priests
  2 orc wizards
  An iguana (D:5)
  Terence (D:3)
  3 worker ants
  A worker ant zombie (D:6)
  6 adders
  4 oozes
  4 worms
  2 dart slugs
  6 leopard geckos
  11 orcs
  8 bats
  11 giant cockroaches
  15 goblins
  11 hobgoblins
  3 quokkas
  2 ball pythons
  6 frilled lizards
  12 kobolds
  A quokka skeleton (D:4)
  A quokka zombie (D:5)
  13 rats
128 creatures vanquished.

Vanquished Creatures (others)
  402 foxfires
  3 fungi (D:2)
405 creatures vanquished.

Grand Total: 533 creatures vanquished

Notes
Turn   | Place    | Note
-------+----------+-------------------------------------------
     0 | D:1      | Eryximachus the Octopode Fire Elementalist began the quest
                  | for the Orb.
     0 | D:1      | Reached XP level 1. HP: 11/11 MP: 3/3
   523 | D:1      | Reached XP level 2. HP: 16/17 MP: 3/5
  1366 | D:1      | Reached skill level 4 in Fire Magic
  1366 | D:1      | Reached XP level 3. HP: 21/21 MP: 4/6
  2832 | D:2      | Reached XP level 4. HP: 27/27 MP: 4/7
  3022 | D:2      | Found a runed translucent door.
  3023 | D:2      | Noticed Crazy Yiuf
  3353 | D:2      | Found a bloodstained altar of Trog.
  3453 | D:2      | Reached skill level 5 in Fire Magic
  4697 | D:3      | Reached XP level 5. HP: 28/31 MP: 3/8
  4815 | D:3      | Found a faded altar of an unknown god.
  5078 | D:3      | Reached skill level 6 in Fire Magic
  5184 | D:3      | Noticed Terence
  5188 | D:3      | Reached XP level 6. HP: 36/36 MP: 5/9
  5225 | D:3      | Killed Terence
  6145 | D:4      | Found Messoale's Magic Scroll Emporium.
  6151 | D:4      | Bought a scroll of identify for 22 gold pieces
  6151 | D:4      | Bought a scroll of identify for 22 gold pieces
  6151 | D:4      | Bought a scroll of magic mapping for 38 gold pieces
  6151 | D:4      | Bought a scroll of fear for 38 gold pieces
  6217 | D:4      | Found a basalt altar of Yredelemnul.
  6217 | D:4      | Noticed an orc warrior
  6219 | D:4      | Found a transporter.
  6225 | D:4      | Found a transporter.
  6707 | D:4      | Reached skill level 7 in Fire Magic
  7068 | D:4      | Learned a level 5 spell: Fireball
  7716 | D:5      | Entered Level 5 of the Dungeon
  7765 | D:5      | Noticed Prince Ribbit
  8234 | D:5      | Reached XP level 7. HP: 41/41 MP: 7/10
  8993 | D:5      | Found a glowing golden altar of the Shining One.
  9005 | D:5      | Found a large runed translucent door.
  9005 | D:5      | Found a large runed translucent door.
  9005 | D:5      | Noticed jestert79's ghost (novice FoFi)
  9046 | D:5      | Noticed Sigmund
  9047 | D:5      | Noticed Jessica
  9145 | D:6      | Found a runed translucent door.
  9145 | D:6      | Noticed Dittersdorf's ghost (novice GrFi)
  9152 | D:6      | Noticed Dowan
  9229 | D:6      | Noticed Edmund
  9234 | D:6      | Slain by an orc warrior

Illustrated notes

Levels and vault maps discovered:
D:1:      lemuel_arrival_room, layout_loops_ring, minmay_box_of_dots
D:2:      cheibrodos_greedy_goblins, layout_basic, marbit_many_paths,
          uniq_crazy_yiuf_cottage
D:3:      layout_basic, portal_sewer_entry_f, chequers_ecumenical_altar_simple,
          uniq_terence
D:4:      layout_loops_corners, gammafunk_temple_overflow_arena, serial_shops,
          shop, minmay_checkerbox
D:5:      layout_loops_ring, kennysheep_mini_moat, ebering_ghost_disaster_area,
          tgw_sif, uniq_sigmund, uniq_prince_ribbit1
D:6:      layout_cave_pools, kennysheep_little_box,
          hellmonk_ghost_happy_afterlife, serial_shops, shop,
          minmay_starry_boxes, uniq_duvessa, uniq_edmund

Skill      XL: |  1  2  3  4  5  6 |
---------------+-------------------+-----
Stealth        | 3 |  3.0
Fire Magic     | 4 5 6 7 |  7.7
Conjurations   | 2 |  2.9
Dodging        | |  2.0
Spellcasting   | |  2.0

Action                   |  1- 3 |  4- 6 |  7- 9 || total
-------------------------+-------+-------+-------++-------
Melee: Unarmed           |     8 |       |     2 ||    10
       Constrict         |     2 |     6 |       ||     8
       Dagger            |       |     5 |       ||     5
       Short sword       |       |    20 |       ||    20
       Tentacles         |       |     3 |     1 ||     4
       Trident           |       |     3 |       ||     3
       Rapier            |       |     2 |       ||     2
 Cast: Foxfire           |    55 |   136 |    42 ||   233
  Use: Scroll            |     2 |     3 |       ||     5
 Stab: Sleeping          |       |     1 |       ||     1
Armor: Skin              |     4 |     7 |     1 ||    12
Dodge: Dodged            |    22 |    69 |    18 ||   109
Block: Other             |       |    11 |     8 ||    19

Table legend: (Time is in decaauts)
 A = Elapsed time spent in this place.
 B = Non-inter-level travel time spent in this place.
 C = Inter-level travel time spent in this place.
 D = Time resting spent in this place.
 E = Time spent auto-exploring this place.
 F = Levels seen in this place.
 G = Mean time per level.
                   A        B        C        D        E       F      G
               +--------+--------+--------+--------+--------+-----+--------+
         Total |   9240 |   8840 |    400 |   4185 |   2967 |   6 | 1540.0 |
       Dungeon |   9240 |   8840 |    400 |   4185 |   2967 |   6 | 1540.0 |
               +--------+--------+--------+--------+--------+-----+--------+

Top non-repeatable levels by time:
     D:2: 2399 daAuts
     D:1: 2262 daAuts
     D:4: 1857 daAuts
     D:3: 1458 daAuts
     D:5: 1007 daAuts
     D:6: 254 daAuts
